 Dungeon Crawl Stone Soup version 0.30-a0-250-g41c1d76940 (webtiles) character file.

Game seed: 17195735398466459808

242 Ge0ff the Caller (level 5, -4/26 (29) HPs)
             Began as a Deep Elf Summoner on Oct 12, 2022.
             Slain by a necrophage (5 damage)
             ... on level 3 of the Dungeon.
             The game lasted 00:04:59 (1992 turns).

Ge0ff the Caller (Deep Elf Summoner)                Turns: 1992, Time: 00:05:00

HP:   -4/26 (29)    AC:  2    Str:  5    XL:     5   Next: 82%
MP:   5/13          EV: 12    Int: 22    God:
Gold: 96            SH:  0    Dex: 15    Spells: 6/12 levels left

rFire   . . .      SeeInvis .    a - +2 dagger (drain)
rCold   . . .      Faith    .    (no shield)
rNeg    + . .      Spirit   .    O - +0 robe
rPois   .          Reflect  .    (no helmet)
rElec   .          Harm     .    (no cloak)
rCorr   .          Rampage  .    (no gloves)
Will    .....                    (no boots)
Stlth   ++........               (no amulet)
HPRegen 0.24/turn                N - ring of positive energy
MPRegen 0.13/turn                (no ring)

@: mighty, brilliant, heavily drained
A: no striking features
a: no special abilities


You were on level 3 of the Dungeon.
You visited 1 branch of the dungeon, and saw 3 of its levels.

You collected 96 gold pieces.

Inventory:

Hand Weapons
 a - a +2 dagger of draining (weapon)
 b - a +0 spear
Missiles
 v - 2 curare-tipped darts {=F}
 Q - 19 stones
 T - 4 javelins
 X - 2 atropa-tipped darts
Armour
 O - a +0 robe (worn)
 Z - an orb of mayhem
Jewellery
 N - a ring of positive energy (left hand)
Scrolls
 L - 3 scrolls of identify {unknown}
 R - a scroll of immolation {unknown}
 V - a scroll of magic mapping {unknown}
 Y - a scroll of butterflies {unknown}
Potions
 z - a potion of brilliance
 K - a potion of magic {!q}
 M - a potion of mutation {unknown}
 S - a potion of haste {unknown}
 U - a potion of cancellation {unknown}


   Skills:
 - Level 1.0 Fighting
 - Level 2.4 Dodging
 - Level 2.4 Stealth
 - Level 4.0 Spellcasting
 + Level 7.3 Summonings


You had 6 spell levels left.
You knew the following spells:

 Your Spells              Type           Power      Damage    Failure   Level
a - Summon Small Mammal   Summ           100%       N/A       1%          1
d - Call Canine Familiar  Summ           53%        N/A       1%          3
s - Call Imp              Summ           53%        N/A       1%          2

Your spell library contained the following spells:

 Spells                   Type           Power      Damage    Failure   Level
 Summon Guardian Golem    Hex/Summ       30%        N/A       8%          3
 Summon Lightning Spire   Summ/Air       30%        N/A       24%         4
 Dazzling Flash           Conj/Hex       12%        N/A       32%         3
 Ozocubu's Armour         Ice            6%         N/A       32%         3
 Iskenderun's Mystic Bla  Conj/Tloc      6%         2d4       73%         4
 Starburst                Conj/Fire      3%         6d3       100%        6
 Ozocubu's Refrigeration  Ice            3%         4d8       100%        7


Dungeon Overview and Level Annotations

Branches:
Dungeon (3/15) Zot: 16002

Altars:

Shops:
D:1 *!


Message History

You feel drained.
You completely miss the necrophage. You punch the necrophage.
The necrophage is lightly damaged.
Your hound bites the necrophage.
The necrophage misses you.
Your hound bites the necrophage but does no damage.
You completely miss the necrophage.
The necrophage is lightly damaged.
Your hound closely misses the necrophage.
The necrophage hits you.
You hit the necrophage but do no damage.
The necrophage is lightly damaged.
Your hound misses the necrophage. The necrophage hits you.
Your hound bites the necrophage but does no damage.
You closely miss the necrophage.
The necrophage is lightly damaged.
The necrophage closely misses you.
Your hound barely misses the necrophage.
You barely miss the necrophage.
The necrophage is lightly damaged.
Your hound barely misses the necrophage.
The necrophage hits you. You partially resist.
You feel drained.
Your hound barely misses the necrophage.
Casting: Call Canine Familiar (safe; 1% risk of failure)
Confirm with . or Enter, or press ? or * to list all spells.
A beastly little devil appears in a puff of flame.
Your iron imp seems less confused.
Your iron imp disappears in a puff of smoke!
Your hound barely misses the necrophage.
The necrophage hits you. You partially resist.
You feel drained.
Your hound bites the necrophage.
Your crimson imp hits the necrophage.
Your hound closely misses the necrophage.
You hit the necrophage but do no damage.
The necrophage is moderately damaged.
Your hound bites the necrophage.
The necrophage hits you.
* * * LOW HITPOINT WARNING * * *
Your crimson imp barely misses the necrophage.
It was a potion of brilliance.
You feel clever all of a sudden.
z - a potion of brilliance Your hound completely misses the necrophage.
The necrophage hits you.
* * * LOW HITPOINT WARNING * * *
Your crimson imp hits the necrophage.
Your hound bites the necrophage.
It was a potion of might.
You feel very mighty all of a sudden.
Your hound bites the necrophage but does no damage.
The necrophage hits you.
You die...

## #######
#.##.....##
+.........##
#..........#
#..........#
...........#
.......h...#
.......n@..#
........5..#
..........##
..##.....##
# #######


You could see a necrophage (ally target), a friendly hound (summoned) and a
friendly crimson imp (summoned).

Vanquished Creatures
  A dart slug (D:1)
  A worm (D:2)
  An endoplasm (D:2)
  A goblin (D:2)
  A quokka (D:1)
  2 bats (D:1)
  3 kobolds
  2 rats (D:2)
12 creatures vanquished.

Vanquished Creatures (collateral kills)
  Sigmund (D:3)
  3 adders (D:2)
  A worm (D:2)
  A dart slug (D:1)
  3 endoplasms
  3 giant cockroaches
  2 goblins
  A hobgoblin (D:2)
  3 ball pythons (D:2)
  3 frilled lizards (D:2)
  4 kobolds
  3 rats
28 creatures vanquished.

Grand Total: 40 creatures vanquished

Notes
Turn   | Place    | Note
-------+----------+-------------------------------------------
     0 | D:1      | Ge0ff the Deep Elf Summoner began the quest for the Orb.
     0 | D:1      | Reached XP level 1. HP: 10/10 MP: 6/6
   221 | D:1      | Found Xeptauner's Assorted Antiques.
   240 | D:1      | Found Taew's Distillery.
   328 | D:1      | Reached XP level 2. HP: 13/16 MP: 6/8
   332 | D:1      | Learned a level 2 spell: Call Imp
  1027 | D:2      | Reached skill level 1 in Fighting
  1027 | D:2      | Reached XP level 3. HP: 11/20 MP: 5/10
  1035 | D:2      | Learned a level 3 spell: Call Canine Familiar
  1246 | D:2      | Reached skill level 5 in Summonings
  1810 | D:2      | Reached XP level 4. HP: 25/25 MP: 9/12
  1927 | D:3      | Noticed Sigmund
  1978 | D:3      | Noticed a necrophage
  1979 | D:3      | Killed Sigmund
  1980 | D:3      | Reached skill level 7 in Summonings
  1980 | D:3      | Reached XP level 5. HP: 26/29 MP: 5/13
  1991 | D:3      | HP: 1/26 [necrophage (5)]
  1992 | D:3      | Slain by a necrophage

Illustrated notes

Levels and vault maps discovered:
D:1:      evilmike_arrival_hilbert_curve, layout_basic, serial_shops,
          nicolae_square_shop, shop
D:2:      layout_loops_ring, nrook_campfire, minmay_distorted
D:3:      layout_rooms, kennysheep_small_spiral, uniq_sigmund, uniq_robin

Skill      XL: |  1  2  3  4 |
---------------+-------------+-----
Fighting       | 1 |  1.0
Spellcasting   | 4 |  4.0
Summonings     | 5 7 |  7.3
Dodging        | |  2.4
Stealth        | |  2.4

Action                   |  1- 3 |  4- 6 || total
-------------------------+-------+-------++-------
Melee: Spear             |    48 |       ||    48
       Dagger            |     1 |    10 ||    11
       Punch             |       |     1 ||     1
 Cast: Summon Small Mamm |    10 |       ||    10
       Call Imp          |    19 |     4 ||    23
       Call Canine Famil |     4 |     2 ||     6
  Use: Potion            |       |     2 ||     2
 Stab: Sleeping          |     1 |       ||     1
Armor: Robe              |     6 |       ||     6
Dodge: Dodged            |    20 |     2 ||    22

Table legend: (Time is in decaauts)
 A = Elapsed time spent in this place.
 B = Non-inter-level travel time spent in this place.
 C = Inter-level travel time spent in this place.
 D = Time resting spent in this place.
 E = Time spent auto-exploring this place.
 F = Levels seen in this place.
 G = Mean time per level.
                   A        B        C        D        E       F      G
               +--------+--------+--------+--------+--------+-----+--------+
         Total |   1996 |   1934 |     62 |      0 |   1547 |   3 |  665.3 |
       Dungeon |   1996 |   1934 |     62 |      0 |   1547 |   3 |  665.3 |
               +--------+--------+--------+--------+--------+-----+--------+

Top non-repeatable levels by time:
     D:2: 1089 daAuts
     D:1: 879 daAuts
     D:3: 27 daAuts
